 Dungeon Crawl Stone Soup version 0.31.0-32-g396128a36d (webtiles) character file.

Game seed: 2352031874674770565

854 Cheops the Changeling (level 8, -2/53 HPs)
             Began as an Octopode Shapeshifter on Mar 24, 2024.
             Was an Initiate of Wu Jian.
             Slain by a gnoll
             ... wielding a +0 halberd
              (8 damage)
             ... on level 4 of the Dungeon.
             The game lasted 00:10:04 (4211 turns).

Cheops the Changeling (Octopode Shapeshifter)       Turns: 4211, Time: 00:10:04

Health: -2/53      AC:  1    Str: 16    XL:     8   Next: 1%
Magic:  17/17      EV: 17    Int: 12    God:    Wu Jian [......]
Gold:   29         SH:  0    Dex: 15    Spells: 7/7 levels left

rFire   + .          .
                       - Unarmed
rCold   + . .        (shield currently unavailable)
rNeg    . . .        (helmet restricted)
rPois   .            g - amulet of the acrobat
rElec   .            d - ring "Canocais" {rF+ rC+ Dex+4}
rCorr   .            p - ring of magical power
SInv    .            (no ring)
Will    .....        (no ring)
Stlth   +            (no ring)
HPRegen 0.28/turn    (no ring)
MPRegen 0.15/turn    (no ring)
                     (no ring)

%: acrobat
@: flux-form, glowing
A: glow, contaminating, almost no armour, amphibious, 8 rings, camouflage 1,
gelatinous body 1, (nimble swimmer 1), tentacles
a: Begin Untransformation, Renounce Religion


You were on level 4 of the Dungeon.
You worshipped Wu Jian.
Wu Jian was noncommittal.
You were something dangerously unstable.
You visited 2 branches of the dungeon, and saw 5 of its levels.
You also visited: Ossuary.

You collected 239 gold pieces.
You spent 210 gold pieces at shops.

Inventory:

Jewellery
 d - the ring "Canocais" (left tentacle) {rF+ rC+ Dex+4}
   (You acquired it on level 4 of the Dungeon)

   [ring of protection from cold]

   Dex+4:     It affects your dexterity (+4).
   rF+:       It protects you from fire.
   rC+:       It protects you from cold.
 g - an amulet of the acrobat (around mantle)
 p - a ring of magical power (right tentacle)
 t - a ring of ice
Talismans
 b - a beast talisman
 c - a flux talisman (active)
Wands
 l - a wand of flame (23)
Scrolls
 f - 3 scrolls of teleportation
 i - a scroll of silence
 m - 4 scrolls of fear
 n - a scroll of noise
 o - a scroll of immolation
 r - a scroll of vulnerability
 s - a scroll of torment
 v - a scroll of identify
 w - a scroll of enchant armour
Potions
 a - a potion of lignification
 e - 2 potions of haste
 h - 3 potions of heal wounds
 j - 2 potions of curing
 k - a potion of brilliance
 q - a potion of mutation
 u - a potion of magic


   Skills:
 + Level 3.6 Fighting
 - Level 2.0 Dodging
 - Level 5.0 Unarmed Combat
 - Level 7.0 Shapeshifting


You had 7 spell levels left.
You didn't know any spells.
Your spell library contained the following spells:

 Spells                   Type           Power      Damage    Failure   Level
 Ensorcelled Hibernation  Hex/Ice        0%         N/A       45%         2
 Fugue of the Fallen      Necr           0%         N/A       69%         3
 Ozocubu's Armour         Ice            0%         N/A       69%         3
 Anguish                  Hex/Necr       0%         N/A       97%         4
 Manifold Assault         Tloc           0%         N/A       97%         4


Dungeon Overview and Level Annotations

Branches:
Dungeon (4/15)             Temple (1/1) D:4         Ossuary (visited)

Altars:
Cheibriados
Fedhas
Hepliaklqana
Kikubaaqudgha
Makhleb
Nemelex Xobeh
Okawaru
Qazlal
Sif Muna
Trog
Vehumet
Wu Jian
Xom
Yredelemnul
Zin
The Shining One

Shops:
D:1 =?   D:3 (


Innate Abilities, Weirdness & Mutations

You are something dangerously unstable.
You glow with magical radiation, making you easy to see and hit.
Foes you strike become dangerously contaminated with magical radiation.
You are incapable of wielding weapons or throwing items.
You cannot wear most types of armour.
You are amphibious.
You can wear up to eight rings at the same time.
Your skin changes colour to match your surroundings (Stealth+).
Your rubbery body absorbs attacks. (AC +1, EV +1)
((You are camouflaged when in or above water. (Stealth+)))
You have tentacles for arms and can constrict up to eight enemies at once.


Message History

a +0 whip; a +0 club; a +0 robe You see here a +0 short sword.
A gnoll comes into view. It is wielding a +0 whip.
The gnoll shouts! x2
There are monsters nearby!
There are monsters nearby!
There are monsters nearby!
There are monsters nearby!
A gnoll comes into view. It is wielding a +0 halberd.
The gnoll shouts!
You tentacle-slap the gnoll.
The gnoll begins to glow.
You grab the gnoll. You squeeze the gnoll.
The gnoll is heavily wounded.
You constrict the gnoll.
You tentacle-slap the gnoll but do no damage.
The gnoll glows dangerously bright.
The gnoll is heavily wounded.
You constrict the gnoll. You tentacle-slap the gnoll.
You kill the gnoll!
The Council accepts your kill. The gnoll misses you.
You see here a +0 whip.
You barely miss the gnoll. You grab the gnoll.
You constrict the gnoll, but do no damage.
The gnoll barely misses you. x2
The +11 rapier of Zosoad {spect, ^Fragile rF+++ Int-5 Dex+5} hits you!!
A +11 rapier of Zosoad {spect, ^Fragile rF+++ Int-5 Dex+5} comes into view.
Unknown command.
Unknown command.
Unknown command.
You tentacle-slap the gnoll.
The gnoll begins to glow.
The gnoll is lightly wounded.
You constrict the gnoll.
The gnoll hits you with the +11 rapier of Zosoad {spect, ^Fragile rF+++ Int-5 Dex+5}!
* * * LOW HITPOINT WARNING * * *
The +11 rapier of Zosoad {spect, ^Fragile rF+++ Int-5 Dex+5} hits you!
* * * LOW HITPOINT WARNING * * *
The gnoll hits you with a +0 halberd!
You die...

#.##..##...##.......#
#.#+##.#...##.##.#..#
#.#..#.#..###.......#
#.#B<#.#.####.##.#.##
#.####.#.##...##.#.#
##....##....#......#
.######..##...##)######
........####.##.g(....###########
....#...# #...gp####.##.........
.#####..# ####.#...#)##.########
.#####..# #.#....)..)# ........##
#.#...#.#### ######...# #.##.##.#
#...# #.......# ####
#...######.......########## ...#
#..........##.##.##....)..#
##.###...#####..##....##.......#


You could see a +11 rapier of Zosoad {spect, ^Fragile rF+++ Int-5 Dex+5} and 2
gnolls.

Vanquished Creatures
  Sigmund (D:2)
  A burial acolyte (Ossuary)
  A bombardier beetle (D:4)
  4 centaur zombies (Ossuary)
  Crazy Yiuf (D:3)
  A gnoll bouda (D:4)
  A crocodile zombie (Ossuary)
  3 hound zombies
  A hound skeleton (D:4)
  3 mummies (Ossuary)
  12 adders
  7 gnolls (D:4)
  9 adder zombies
  2 adder skeletons (D:4)
  A ribbon worm (D:4)
  A dart slug (D:1)
  2 orcs
  7 endoplasms
  2 giant cockroaches (D:1)
  6 goblins
  3 hobgoblins (D:1)
  6 jackals (D:3)
  3 quokkas
  4 ball pythons
  4 ball python zombies (Ossuary)
  2 bats
  3 frilled lizards
  2 gnoll zombies (Ossuary)
  2 jackal zombies (Ossuary)
  5 kobolds
  6 kobold zombies (Ossuary)
  An orc zombie (Ossuary)
  7 rats
114 creatures vanquished.

Notes
Turn   | Place    | Note
-------+----------+-------------------------------------------
     0 | D:1      | Cheops the Octopode Shapeshifter began the quest for the
                  | Orb.
     0 | D:1      | Reached XP level 1. HP: 13/13 MP: 1/1
    86 | D:1      | Reached XP level 2. HP: 18/18 MP: 2/2
   369 | D:1      | Found Poroff's Jewellery Emporium.
   570 | D:1      | Reached XP level 3. HP: 22/23 MP: 3/3
   776 | D:1      | Found Var Cawk's Magic Scroll Shop.
   779 | D:1      | Bought a scroll of identify for 20 gold pieces
   779 | D:1      | Bought a scroll of teleportation for 30 gold pieces
   779 | D:1      | Bought a scroll of identify for 20 gold pieces
   845 | D:2      | Noticed Sigmund
  1123 | D:2      | Identified the +8 quarterstaff of Dithmenos's Scorn {flame,
                  | rCorr}
  1235 | D:2      | Killed Sigmund
  1236 | D:2      | Reached skill level 5 in Unarmed Combat
  1236 | D:2      | Reached skill level 4 in Shapeshifting
  1236 | D:2      | Reached XP level 4. HP: 12/28 MP: 4/4
  1236 | D:2      | Reached XP level 5. HP: 14/33 MP: 5/5
  1388 | D:2      | You fall into a shaft and drop 2 floors!
  1390 | D:4      | Identified a scroll of acquirement
  1393 | D:4      | Acquired the ring "Canocais" {rF+ rC+ Dex+4}
  1407 | D:4      | Reached XP level 6. HP: 34/38 MP: 6/6
  1425 | D:4      | Reached skill level 5 in Shapeshifting
  1469 | D:4      | Found a sand-covered staircase.
  1480 | Ossuary  | Entered an ossuary
  1683 | Ossuary  | Reached skill level 6 in Shapeshifting
  1687 | Ossuary  | Reached XP level 7. HP: 11/43 MP: 7/7
  2161 | D:3      | Found a shimmering altar of Xom.
  2599 | D:3      | Found an ancient bone altar of Kikubaaqudgha.
  2643 | D:3      | Found Puos's Weapon Shoppe.
  2748 | D:3      | Found a sparkling altar of Nemelex Xobeh.
  2771 | D:3      | Found a glowing golden altar of the Shining One.
  2858 | D:3      | Found a basalt altar of Yredelemnul.
  2936 | D:3      | Found a runed translucent door.
  2937 | D:3      | Noticed Crazy Yiuf
  2973 | D:3      | Found a radiant altar of Vehumet.
  2973 | D:3      | Found a stormy altar of Qazlal.
  3017 | D:3      | Killed Crazy Yiuf
  3240 | D:1      | Bought a scroll of fear for 40 gold pieces
  3240 | D:1      | Bought a scroll of vulnerability for 40 gold pieces
  3332 | D:4      | Reached skill level 7 in Shapeshifting
  3509 | D:4      | Found a staircase to the Ecumenical Temple.
  3524 | Temple   | Entered the Ecumenical Temple
  3533 | Temple   | Became a worshipper of the Wu Jian Council
  3549 | D:4      | Identified the +11 rapier of Zosoad {spect, ^Fragile rF+++
                  | Int-5 Dex+5}
  3646 | D:1      | Bought a scroll of identify for 20 gold pieces
  3646 | D:1      | Bought a scroll of identify for 20 gold pieces
  3646 | D:1      | Bought a scroll of identify for 20 gold pieces
  3972 | D:4      | Found a snail-covered altar of Cheibriados.
  4143 | D:4      | Reached XP level 8. HP: 44/52 MP: 8/8
  4211 | D:4      | Slain by a gnoll

Illustrated notes

Levels and vault maps discovered:
D:1:      minmay_arrival_diagonal_passages, layout_basic, serial_shops,
          nicolae_shop_rolled_up, nicolae_shop_just_a_little_nook,
          feat_on_display
D:2:      layout_loops_ring, uniq_sigmund
D:3:      layout_rooms, mainiacjoe_overflow_surrounded_room,
          lemuel_coloured_pillars_altar, xom_butterflies,
          mainiacjoe_overflow_big_doors, gammafunk_temple_overflow_statue,
          serial_shops, nicolae_shop_bloodbath_and_beyond,
          uniq_crazy_yiuf_cottage
D:4:      layout_loops_cross, chei_slow_surprise, minmay_temple_entry_waves,
          mainiacjoe_ossuary_entry_find_the_door
Temple:   nicolae_temple_ecumenical_triangle

Skill      XL: |  1  2  3  4  5  6  7 |
---------------+----------------------+-----
Unarmed Combat | 4 5 |  5.0
Shapeshifting  | 4 6 7 |  7.0
Fighting       | 3 |  3.6
Dodging        | |  2.0

Action                     |  1- 3 |  4- 6 |  7- 9 || total
---------------------------+-------+-------+-------++-------
  Melee: Unarmed           |    59 |    75 |   149 ||   283
         Constrict         |    13 |    20 |    43 ||    76
         Tentacles         |    11 |    15 |    37 ||    63
         Punch             |     1 |     1 |       ||     2
Ability: Lunge             |       |       |     3 ||     3
    Use: Scroll            |     2 |     5 |     7 ||    14
   Stab: Sleeping          |     2 |       |     2 ||     4
 Armour: Skin              |    19 |    32 |    50 ||   101
  Dodge: Dodged            |    22 |    66 |   100 ||   188
   Form: Flux              |       |       |     1 ||     1
